 Dungeon Crawl Stone Soup version 0.30-a0-900-g23479c02f2 (webtiles) character file.

Game seed: 1119607084472741160

4475 NotreDorf the Thaumaturge (level 10, -11/77 HPs)
             Began as a Mummy Hedge Wizard on Mar 18, 2023.
             Was an Initiate of Gozag.
             Killed from afar by an acid dragon (19 damage)
             ... with a splash of acid
             ... on level 9 of the Dungeon.
             The game lasted 00:42:16 (9669 turns).

NotreDorf the Thaumaturge (Mummy Hedge Wizard)      Turns: 9669, Time: 00:42:17

Health: -11/77     AC:  9    Str: 13    XL:     10   Next: 15%
Magic:  21/22      EV:  9    Int: 21    God:    Gozag
Gold:   131        SH:  0    Dex: 12    Spells: 13/26 levels left

rFire   + . .      SeeInvis .    t - +2 halberd (venom)
rCold   . . .      Faith    +    (shield currently unavailable)
rNeg    + + +      Spirit   .    h - +4 fire dragon scales of Amur {rF++ rC- Int+3}
rPois   ∞          Reflect  .    c - +2 hat
rElec   .          Rampage  .    k - +0 cloak
rCorr   .                        i - +1 pair of gloves
Will    +....                    (no boots) Stlth
                                 (no amulet)
HPRegen 0.32/turn                (no ring)
MPRegen 0.18/turn                (no ring)

@: corroded, very slightly contaminated
A: cold resistance 1, negative energy resistance 3, torment resistance 2, heat
vulnerability 1, in touch with death 1, no potions, faith
a: Renounce Religion, Potion Petition, Call Merchant, Bribe Branch


You were on level 9 of the Dungeon.
You worshipped Gozag.
Gozag was aware of your devotion.
You visited 1 branch of the dungeon, and saw 9 of its levels.

You collected 1478 gold pieces.
You spent 1306 gold pieces at shops.
You paid 41 gold pieces to Gozag.

Inventory:

Hand Weapons
 f - a +0 dagger of venom
 j - a +3 dagger of draining
 t - a +2 halberd of venom (weapon)
 w - a +3 quarterstaff of chaos
Missiles
 g - 20 poisoned darts
 v - 2 throwing nets
Armour
 c - a +2 hat (worn)
 h - the +4 fire dragon scales of Amur (worn) {rF++ rC- Int+3}
   (You bought it in a shop on level 9 of the Dungeon)

   Int:       It affects your intelligence (+3).
   rF:        It greatly protects you from fire.
   rC:        It makes you vulnerable to cold.
 i - a +1 pair of gloves (worn)
 k - a +0 cloak (worn)
 p - a +2 robe of willpower
 u - a +0 buckler
Wands
 d - a wand of roots (12)
 n - a wand of mindburst (30)
 o - a wand of flame (24)
Scrolls
 a - 2 scrolls of fear
 b - a scroll of identify
 e - 2 scrolls of amnesia
 l - 6 scrolls of teleportation
 m - a scroll of blinking
 q - 2 scrolls of magic mapping
 s - a scroll of silence


   Skills:
 + Level 6.5 Fighting
 + Level 2.7 Staves
 - Level 4.8 Dodging
 - Level 1.5 Stealth
 + Level 8.9 Spellcasting
 + Level 5.5 Conjurations
 - Level 0.7 Summonings
 - Level 0.7 Translocations
 + Level 5.3 Poison Magic


You had 13 spell levels left.
You knew the following spells:

 Your Spells              Type           Power      Damage    Failure   Level
a - Magic Dart            Conj           100%       1d8       5%          1
b - Blink                 Tloc           24%        N/A       50%         2
c - Mephitic Cloud        Conj/Pois/Air  24%        N/A       34%         3
d - Slow                  Hex            36%        N/A       45%         1
e - Poisonous Vapours     Pois/Air       40%        N/A       26%         2
f - Olgreb's Toxic Radia  Pois           32%        N/A       50%         4

Your spell library contained the following spells:

 Spells                   Type           Power      Damage    Failure   Level
 Searing Ray              Conj           64%        2d6       8%          2
 Sting                    Tmut/Pois      80%        1d7       17%         1
 Cigotuvi's Dreadful Rot  Necr/Pois/Air  50%        N/A       36%         2
 Call Imp                 Summ           12%        N/A       50%         2
 Fulminant Prism          Conj/Hex       10%        3d8       85%         4
 Leda's Liquefaction      Hex/Erth       4%         N/A       99%         4
 Lee's Rapid Deconstruct  Erth           4%         3d5*      100%        5
 Statue Form              Tmut/Erth      Unusable   N/A       N/A         6

Dungeon Overview and Level Annotations

Branches:
Dungeon (9/15)             Temple (0/1) D:6
   Lair: D:8-11         Orc: D:9-12

Altars:
Ashenzari
Gozag
Hepliaklqana
Nemelex Xobeh
Ru
Sif Muna
Vehumet
Yredelemnul

Shops:
D:8 (   D:9 [

Annotations:
D:3 3 runed translucent doors, baller8008's ghost, amateur OpTm


Innate Abilities, Weirdness & Mutations

You are immune to poison.
Your flesh is cold resistant. (rC+)
You are immune to negative energy. (rN+++)
You are immune to unholy pain and torment.
You are vulnerable to heat. (rF-)
You are in touch with the powers of death.
You do not drink.
You have a special connection with the divine. (Faith)


Message History

Casting: Slow (safe; 45% risk of failure)
Confirm with . or Enter, or press ? or * to list all spells.
Aiming: Slow (safe; 45% risk of failure)
Press: ? - help, Shift-Dir - straight line, f/p - acid dragon
Aim: an acid dragon (chance to affect: 43%)
You miscast Slow.
Nothing appears to happen.
You reach to attack!
You closely miss the acid dragon. The acid dragon spits acid at you.
The splash of acid hits you!! The acid corrodes you!
You are too injured to fight recklessly!
The acid dragon barely misses you. x2
You barely miss the acid dragon. The acid dragon bites you.
The acid dragon claws you but does no damage.
The acid dragon bites you. The acid dragon closely misses you.
You barely miss the acid dragon. The acid dragon bites you.
The acid dragon claws you but does no damage.
You hit the acid dragon.
The acid dragon is lightly wounded.
The acid dragon spits acid at you. The splash of acid hits you!!
* * * LOW HITPOINT WARNING * * *
The acid corrodes you!
You barely miss the acid dragon.
The acid dragon is lightly wounded.
The acid dragon barely misses you.
The acid dragon claws you but does no damage.
The acid dragon closely misses you.
The acid dragon claws you but does no damage.
You hit the acid dragon.
The acid dragon is lightly wounded.
The acid dragon bites you but does no damage.
The acid dragon barely misses you.
You closely miss the acid dragon.
The acid dragon is lightly wounded.
The acid dragon barely misses you.
The acid dragon claws you but does no damage.
The acid dragon spits acid at you. The splash of acid hits you!!
You die...
Your body crumbles into a pile of gold.

# #######################
..........@.........)...#
#...#..#D##########....#
#.......##......##.....#
#.....###...##...###...#
....##.##...##~##..##.#.#
... ..#⌠..#######....#.#
. ...#∩..#######......#
.##.##...##~##..##...# .D
.. ##...##...##.##.#


You could see an acid dragon (catching breath).

Vanquished Creatures
  Joseph (D:8)
  5 yaks
  Eustachio (D:6)
  2 water moccasins
  2 ice beasts
  An orc warrior (D:7)
  A sky beast (D:6)
  A black bear (D:6)
  An ogre (D:6)
  A centaur (D:8)
  2 kobold brigands (D:8)
  2 bullfrogs
  4 scorpions
  3 gnoll sergeants
  13 killer bees
  2 howler monkeys (D:6)
  3 jellies
  4 hounds
  4 orc priests
  Crazy Yiuf (D:7)
  2 sleepcaps
  3 iguanas
  12 orc wizards
  18 gnolls
  3 adders
  A white imp (D:3)
  An ufetubus (D:6)
  3 dart slugs
  33 orcs
  7 bats
  3 endoplasms
  2 giant cockroaches
  8 goblins
  5 hobgoblins
  4 jackals
  5 quokkas
  5 ball pythons
  3 frilled lizards
  8 kobolds
  4 rats
184 creatures vanquished.

Vanquished Creatures (others)
  An orc (D:7)
1 creature vanquished.

Grand Total: 185 creatures vanquished

Notes
Turn   | Place    | Note
-------+----------+-------------------------------------------
     0 | D:1      | NotreDorf the Mummy Hedge Wizard began the quest for the
                  | Orb.
     0 | D:1      | Reached XP level 1. HP: 13/13 MP: 5/5
   249 | D:1      | Reached skill level 1 in Conjurations
   309 | D:1      | Reached XP level 2. HP: 20/20 MP: 2/7
   918 | D:1      | Reached skill level 1 in Fighting
  1103 | D:1      | Gained mutation: You are in touch with the powers of death.
                  | [Mummy growth]
  1103 | D:1      | Reached XP level 3. HP: 26/26 MP: 8/8
  1209 | D:1      | Learned a level 2 spell: Blink
  1213 | D:1      | Learned a level 3 spell: Mephitic Cloud
  1454 | D:2      | Found a sparkling altar of Nemelex Xobeh.
  1620 | D:2      | Reached skill level 1 in Poison Magic
  1870 | D:2      | You fall into a shaft and drop 2 floors!
  1911 | D:4      | Noticed a scorpion
  1925 | D:4      | Killed a scorpion
  1926 | D:4      | Reached XP level 4. HP: 29/33 MP: 5/10
  2053 | D:3      | Reached XP level 5. HP: 22/38 MP: 2/12
  2234 | D:3      | Found an opulent altar of Gozag.
  2242 | D:3      | Became a worshipper of Gozag Ym Sagoz the Greedy
  3182 | D:3      | Noticed baller8008's ghost (amateur OpTm)
  3183 | D:3      | Found a runed translucent gate.
  3184 | D:3      | Found a runed translucent gate.
  3184 | D:3      | Found a runed translucent gate.
  3256 | D:4      | Learned a level 1 spell: Slow
  3283 | D:4      | Reached skill level 5 in Spellcasting
  3379 | D:4      | Learned a level 2 spell: Poisonous Vapours
  3384 | D:4      | Learned a level 4 spell: Olgreb's Toxic Radiance
  3420 | D:4      | Reached XP level 6. HP: 33/46 MP: 9/13
  3875 | D:5      | Entered Level 5 of the Dungeon
  3888 | D:5      | Found a radiant altar of Vehumet.
  4236 | D:5      | Noticed a water moccasin
  4247 | D:5      | Killed a water moccasin
  4248 | D:5      | Reached XP level 7. HP: 44/52 MP: 11/15
  4556 | D:5      | Found a sacrificial altar of Ru.
  4556 | D:5      | Found a shimmering blue altar of Sif Muna.
  4659 | D:5      | Found a basalt altar of Yredelemnul.
  4897 | D:6      | Reached skill level 6 in Spellcasting
  4913 | D:6      | Found a staircase to the Ecumenical Temple.
  5489 | D:6      | Reached XP level 8. HP: 60/60 MP: 2/17
  5951 | D:6      | Noticed Eustachio
  5997 | D:6      | Killed Eustachio
  6394 | D:6      | Reached skill level 7 in Spellcasting
  6996 | D:7      | Reached skill level 5 in Fighting
  6996 | D:7      | Reached XP level 9. HP: 26/68 MP: 8/20
  7527 | D:7      | Found a hazy altar of Hepliaklqana.
  7768 | D:7      | Found a runed translucent door.
  7769 | D:7      | Noticed Crazy Yiuf
  7777 | D:7      | Killed Crazy Yiuf
  8205 | D:8      | Reached skill level 1 in Staves
  8210 | D:8      | Reached skill level 8 in Spellcasting
  8284 | D:8      | Reached skill level 5 in Conjurations
  8507 | D:8      | Found a broken altar of Ashenzari.
  8517 | D:8      | Noticed Joseph
  8696 | D:8      | Killed Joseph
  8697 | D:8      | Reached skill level 5 in Poison Magic
  8828 | D:8      | Reached XP level 10. HP: 63/76 MP: 13/22
  9220 | D:8      | Found Inipotty's Antique Weapon Shop.
  9599 | D:9      | Found Haida's Dragon-Slaying Spoils.
  9606 | D:9      | Bought the +4 fire dragon scales of Amur {rF++ rC- Int+3}
                  | for 1306 gold pieces
  9669 | D:9      | Killed from afar by an acid dragon

Illustrated notes

Levels and vault maps discovered:
D:1:      dpeg_arrival_boxorama, layout_basic, serial_curves, eino_curves_02,
          eino_curves_02, minivault_5
D:2:      layout_loops_ring, basic_altar
D:3:      layout_loops_corners, mainiacjoe_overflow_surrounded_room,
          ebering_ghost_rock_garden
D:4:      layout_rooms
D:5:      layout_loops_cross, yredelemnul_altar_generic,
          gammafunk_temple_overflow_statue, vehumet_crystals
D:6:      layout_basic, minmay_temple_entry_crystal_x, uniq_eustachio
D:7:      layout_loops_cross, amcnicky_altar_gilded, uniq_crazy_yiuf_cottage
D:8:      layout_rooms, ashenzari_altar_1, serial_shops,
          nicolae_shop_advertising_works [nicolae_subvault_shop_adworks],
          chequers_serial_rivers_small_3, uniq_joseph
D:9:      lemuel_bear_cage, layout_stronghold, cheibriados_altar_1,
          dpeg_lair_monsters, nicolae_shop_dragon_depot, hangedman_glass_teeth

Skill      XL: |  1  2  3  4  5  6  7  8  9 |
---------------+----------------------------+-----
Conjurations   | 1 2 3 4 5 |  5.5
Fighting       | 1 2 3 5 6 |  6.5
Dodging        | 2 3 4 |  4.8
Poison Magic   | 1 2 3 4 5 |  5.3
Spellcasting   | 5 6 7 8 |  8.9
Staves         | 2 |  2.7
Stealth        | |  1.5
Summonings     | |  0.7
Translocations | |  0.7

Action                     |  1- 3 |  4- 6 |  7- 9 | 10-12 || total
---------------------------+-------+-------+-------+-------++-------
  Melee: Dagger            |    50 |    99 |   134 |       ||   283
         Punch             |       |     1 |     3 |       ||     4
         Halberd           |       |       |   148 |    24 ||   172
         Quarterstaff      |       |       |    34 |       ||    34
   Cast: Magic Dart        |    82 |    75 |   117 |     1 ||   275
         Mephitic Cloud    |       |     6 |    46 |     3 ||    55
         Poisonous Vapours |       |       |    32 |     2 ||    34
         Blink             |       |       |     1 |       ||     1
    Use: Scroll            |       |       |    11 |       ||    11
   Stab: Sleeping          |     1 |       |       |       ||     1
         Confused          |       |     3 |    13 |     2 ||    18
 Armour: Robe              |     8 |    19 |   123 |     7 ||   157
         Fire dragon scale |       |       |       |     6 ||     6
  Dodge: Dodged            |    42 |    50 |   242 |    14 ||   348

Table legend: (Time is in decaauts)
 A = Elapsed time spent in this place.
 B = Non-inter-level travel time spent in this place.
 C = Inter-level travel time spent in this place.
 D = Time resting spent in this place.
 E = Time spent auto-exploring this place.
 F = Levels seen in this place.
 G = Mean time per level.
                   A        B        C        D        E       F      G
               +--------+--------+--------+--------+--------+-----+--------+
         Total |   9769 |   9463 |    306 |   1243 |   6141 |   9 | 1085.4 |
       Dungeon |   9769 |   9463 |    306 |   1243 |   6141 |   9 | 1085.4 |
               +--------+--------+--------+--------+--------+-----+--------+

Top non-repeatable levels by time:
     D:7: 2057 daAuts
     D:6: 1978 daAuts
     D:3: 1244 daAuts
     D:1: 1241 daAuts
     D:5: 924 daAuts
     D:8: 838 daAuts
     D:4: 760 daAuts
     D:2: 627 daAuts
     D:9: 97 daAuts
